 Dungeon Crawl Stone Soup version 0.28-a0-769-g550dbda0cd (webtiles) character file.

Game seed: 4083630035168142197

1180 timneilson the Shield-Bearer (level 8, -6/48 HPs)
             Began as a Gargoyle Fighter on Oct 31, 2021.
             Was an Initiate of Okawaru.
             Killed from afar by a centaur (20 damage)
             ... with a bolt of acid
             ... on level 6 of the Dungeon.
             The game lasted 00:08:45 (7055 turns).

timneilson the Shield-Bearer (Gargoyle Fighter)     Turns: 7055, Time: 00:08:46

Health: -6/48      AC: 13    Str: 22    XL:     8   Next: 42%
Magic:  0/9        EV:  8    Int:  9    God:    Okawaru [......]
Gold:   310        SH:  6    Dex:  9    Spells: 7/7 levels left

rFire   . . .      SeeInvis .   a - +0 long sword
rCold   . . .      Faith    .   c - +1 buckler
rNeg    + . .      Spirit   +   k - +0 chain mail
rPois   ∞          Reflect  .   i - +0 helmet
rElec   +          Harm     .   f - +2 cloak
rCorr   .          Rampage  .   (no gloves)
Will    .....                   g - +0 pair of boots
Stlth   ..........              s - amulet of guardian spirit
HPRegen 0.16/turn               (no ring)
MPRegen 0.11/turn               (no ring)

@: corroded, very slightly contaminated, invisible
A: sickness immunity, AC +5, negative energy resistance 1, electricity
resistance, torment resistance 1, petrification resistance
a: Renounce Religion


You were on level 6 of the Dungeon.
You worshipped Okawaru.
Okawaru was noncommittal.
You visited 2 branches of the dungeon, and saw 7 of its levels.

You collected 310 gold pieces.

Inventory:

Hand Weapons
 a - a +0 long sword (weapon)
Armour
 c - a +1 buckler (worn)
 f - a +2 cloak (worn)
 g - a +0 pair of boots (worn)
 i - a +0 helmet (worn)
 k - a +0 chain mail (worn)
Jewellery
 m - a ring of ice
 s - an amulet of guardian spirit (around neck)
Wands
 o - a wand of iceblast (10)
 p - a wand of flame (10)
 r - a wand of polymorph (7)
Scrolls
 b - a scroll of identify
 l - 3 scrolls of teleportation
 q - a scroll of enchant weapon {unknown}
 t - a scroll of amnesia
Potions
 d - 2 potions of lignification
 h - 3 potions of flight
 j - a potion of magic
 n - 2 potions of curing


   Skills:
 + Level 4.9 Fighting
 * Level 4.4 Long Blades
 * Level 6.1 Armour
 + Level 2.4 Dodging
 * Level 6.1 Shields
 + Level 1.9 Invocations
 + Level 1.0 Evocations


You had 7 spell levels left.
You didn't know any spells.
Your spell library contained the following spells:

 Spells                   Type           Power      Damage    Failure   Level
 Beastly Appendage        Tmut           0%         N/A       97%         1
 Pain                     Necr           0%         1d4       97%         1
 Passwall                 Tmut/Erth      0%         N/A       99%         2
 Wereblood                Tmut           0%         N/A       99%         2
 Spider Form              Tmut/Pois      0%         N/A       100%        3
 Swiftness                Air            0%         N/A       100%        3
 Vampiric Draining        Necr           0%         2d6       100%        3
 Invisibility             Hex            0%         N/A       100%        6
 Animate Skeleton         Necr           Unusable   N/A       N/A         1

Dungeon Overview and Level Annotations

Branches:
Dungeon (6/15)             Temple (1/1) D:4

Altars:
Ashenzari
Cheibriados
Dithmenos
Elyvilon
Fedhas
Gozag
Hepliaklqana
Kikubaaqudgha
Makhleb
Nemelex Xobeh
Okawaru
Qazlal
Ru
Sif Muna
Trog
Uskayaw
Vehumet
Wu Jian
Xom
Yredelemnul
Zin
The Shining One

Shops:
D:6 ?

Annotations:
D:5 1 runed translucent door, mitch45678's ghost, novice MiAE


Innate Abilities, Weirdness & Mutations

You are immune to sickness and miasma.
Your stone body is resilient. (AC +5)
You are immune to poison.
You resist negative energy. (rN+)
You are resistant to electric shocks. (rElec)
You are resistant to unholy torment.
You are immune to petrification.


Message History

The centaur hits you but does no damage.
The centaur barely misses you.
The centaur zaps a wand.
The bolt of acid hits you! The acid corrodes you!
You hit the centaur.
The centaur is lightly wounded.
You block the centaur's attack.
The centaur kicks you but does no damage.
The centaur zaps a wand.
The bolt of acid hits you!! The acid corrodes you!
You fade into invisibility!
The centaur barely misses you.
The centaur kicks you but does no damage.
You are very lightly contaminated with residual magic.
You barely miss the centaur.
The centaur is lightly wounded.
You block the centaur's attack. The centaur kicks you.
You block the centaur's attack. x2
You hit the centaur but do no damage.
The centaur is lightly wounded.
The centaur misses you.
The centaur kicks you but does no damage.
The centaur zaps a wand.
The bolt of acid misses you.
You closely miss the centaur.
The centaur is lightly wounded.
The centaur barely misses you.
The centaur kicks you but does no damage.
The centaur hits you with a +0 war axe.
* * * LOW HITPOINT WARNING * * *
The centaur barely misses you.
The centaur hits you but does no damage.
The centaur closely misses you.
You closely miss the centaur.
The centaur is lightly wounded.
You block the centaur's attack. x2; The centaur barely misses you.
The centaur kicks you but does no damage.
You hit the centaur but do no damage.
The centaur is lightly wounded.
The centaur hits you with a +0 war axe.
The centaur kicks you but does no damage.
The centaur zaps a wand.
The bolt of acid hits you!!
You die...

#....#.........
#####....#........#
#.......>#)).......
#........#.###.....
#....#'###.###....#
#....'.............
#....#............######
#....#)############.....
##....c@................
#......................
..'......................
##'#.................#####
#....#'###############....
+....#. #.....#....'.... #....#.
#.....#...###'## #....#
#.....#...#.....
###+###....##########.##..#.....


You could see a centaur.

Vanquished Creatures
  Sigmund (D:4)
  An ice beast (D:6)
  A necrophage (D:4)
  An ogre (D:5)
  A centaur (D:5)
  2 scorpions
  A water moccasin skeleton (D:5)
  A hound (D:6)
  2 bullfrog skeletons (D:6)
  A gnoll shaman (D:3)
  Crazy Yiuf (D:4)
  A centaur skeleton (D:6)
  Jessica (D:3)
  2 iguanas
  Terence (D:3)
  An orc wizard (D:6)
  A hound skeleton (D:2)
  Robin (D:3)
  6 adders
  4 gnolls
  A worm (D:4)
  3 dart slugs
  8 orcs
  5 ball pythons
  8 endoplasms
  5 giant cockroaches
  13 goblins
  12 hobgoblins
  3 quokkas
  6 bats
  2 frilled lizards (D:1)
  11 kobolds
  6 rats
114 creatures vanquished.

Notes
Turn   | Place    | Note
-------+----------+-------------------------------------------
     0 | D:1      | timneilson the Gargoyle Fighter began the quest for the
                  | Orb.
     0 | D:1      | Reached XP level 1. HP: 14/14 MP: 1/1
   133 | D:1      | Reached XP level 2. HP: 19/19 MP: 2/2
   670 | D:1      | Reached XP level 3. HP: 23/23 MP: 3/3
  1591 | D:2      | Reached XP level 4. HP: 27/28 MP: 4/4
  2501 | D:3      | Noticed Jessica
  2525 | D:3      | Killed Jessica
  2531 | D:3      | Reached XP level 5. HP: 7/33 MP: 5/5
  2703 | D:3      | Noticed Terence
  2720 | D:3      | Killed Terence
  2721 | D:3      | Reached skill level 1 in Dodging
  3089 | D:3      | Noticed Robin
  3134 | D:3      | Killed Robin
  3387 | D:3      | Found a faded altar of an unknown god.
  3772 | D:3      | Reached XP level 6. HP: 30/38 MP: 6/6
  3922 | D:4      | Noticed a necrophage
  4448 | D:4      | Found a stormy altar of Qazlal.
  4643 | D:4      | Found a runed translucent door.
  4644 | D:4      | Noticed Crazy Yiuf
  4683 | D:4      | Killed a necrophage
  4684 | D:4      | Reached skill level 5 in Armour
  4684 | D:4      | Reached skill level 5 in Shields
  4684 | D:4      | Reached XP level 7. HP: 34/44 MP: 7/7
  4892 | D:4      | Found a staircase to the Ecumenical Temple.
  4906 | Temple   | Entered the Ecumenical Temple
  4952 | Temple   | Became a worshipper of Warmaster Okawaru
  5018 | D:4      | Noticed Sigmund
  5042 | D:4      | HP: 1/44 [something (9)]
  5047 | D:4      | Killed Sigmund
  5332 | D:4      | Killed Crazy Yiuf
  5460 | D:5      | Entered Level 5 of the Dungeon
  5678 | D:5      | Reached skill level 1 in Invocations
  5883 | D:5      | Found a runed translucent door.
  5885 | D:5      | Noticed mitch45678's ghost (novice MiAE)
  6084 | D:5      | Reached XP level 8. HP: 22/48 MP: 7/9
  6945 | D:6      | Found Aluplet's Magic Scroll Shop.
  7017 | D:6      | Reached skill level 1 in Evocations
  7055 | D:6      | Killed from afar by a centaur

Illustrated notes

Levels and vault maps discovered:
D:1:      saegor_arrival_under_anarchy, layout_loops_ring,
          corexii_leaking_fountain
D:2:      layout_basic, chequers_serial_rivers_micro_c
D:3:      layout_basic, hellmonk_ecumenical_altar_pennies_from_heaven,
          fountainhead, uniq_terence, uniq_jessica, uniq_robin
D:4:      layout_rooms, amcnicky_altar_gilded, minmay_temple_entry_antechambers,
          uniq_sigmund, uniq_crazy_yiuf_cottage
D:5:      layout_loops_ring, ebering_ghost_reflecting_pool
D:6:      layout_gridville, serial_shops, kennysheep_little_box
Temple:   compressed_dpeg_circular_temple

Skill      XL: |  1  2  3  4  5  6  7  8 |
---------------+-------------------------+-----
Long Blades    | 2 3 4 |  4.4
Armour         | 4 5 6 |  6.1
Shields        | 4 5 6 |  6.1
Dodging        | 1 2 |  2.4
Fighting       | 4 |  4.9
Invocations    | 1 |  1.9
Evocations     | 1 |  1.0

Action                   |  1- 3 |  4- 6 |  7- 9 || total
-------------------------+-------+-------+-------++-------
Melee: Long sword        |   113 |   237 |   160 ||   510
  Use: Scroll            |     5 |     1 |     3 ||     9
       Potion            |       |       |     4 ||     4
Armor: Scale mail        |    55 |   119 |    20 ||   194
       Chain mail        |       |       |    90 ||    90
Dodge: Dodged            |    59 |   105 |    55 ||   219
Block: Buckler           |    21 |    83 |    60 ||   164

Table legend: (Time is in decaauts)
 A = Elapsed time spent in this place.
 B = Non-inter-level travel time spent in this place.
 C = Inter-level travel time spent in this place.
 D = Time resting spent in this place.
 E = Time spent auto-exploring this place.
 F = Levels seen in this place.
 G = Mean time per level.
                   A        B        C        D        E       F      G
               +--------+--------+--------+--------+--------+-----+--------+
         Total |   7190 |   6945 |    245 |    378 |   5206 |   7 | 1027.1 |
       Dungeon |   7109 |   6872 |    237 |    378 |   5157 |   6 | 1184.8 |
        Temple |     80 |     72 |      8 |      0 |     49 |   1 |   80.0 |
               +--------+--------+--------+--------+--------+-----+--------+

Top non-repeatable levels by time:
     D:3: 1828 daAuts
     D:2: 1276 daAuts
     D:1: 1200 daAuts
     D:4: 1185 daAuts
     D:5: 1085 daAuts
     D:6: 531 daAuts
  Temple: 80 daAuts
